Description

dddd

Replay - pewpewpew

Build Order

Get SALT Encoding   

  12  0:00  SCV  
  13  0:13  SCV  
  14  0:17  Supply Depot  
  14  0:25  SCV  
  15  0:28  Refinery  
  15  0:38  SCV  
  16  0:44  Barracks  
  16  0:51  SCV  
  17  1:03  SCV  
  18  1:15  SCV  
  19  1:31  Orbital Command  
  19  1:32  Reaper  
  20  1:57  SCV  
  20  2:00  Command Center  
  21  2:08  Factory  
  21  2:09  SCV  
  21  2:13  Barracks Reactor  
  21  2:17  Refinery  
  21  2:21  SCV  
  22  2:29  Supply Depot  
  24  3:01  Starport  
  29  3:05  Hellion  
  29  3:08  Cyclone  
  29  3:11  Orbital Command  
  31  3:21  Barracks Tech Lab  
  31  3:28  Hellion  
  34  3:41  Hellion  
  38  3:45  Supply Depot  
  38  3:48  Viking  
  40  3:53  Hellion  
  42  4:02  Hellion  
  47  4:16  Supply Depot  
  48  4:18  Hellion  
  48  4:20  Raven  
  54  4:36  Supply Depot, Barracks Reactor, Factory  
  54  4:38  Hellion x2  
  60  4:46  Refinery  
  62  4:59  Hellion x2  
  68  5:17  Viking x2  
  78  5:30  Infernal Pre-Igniter  
  78  5:43  Armory  
  82  5:52  Medivac x2  
  102  6:35  Liberator x2  
  110  6:59  Refinery  
  110  7:00  Factory  
  108  7:07  Command Center  
Spawning Tool Build Advisor. Get it on Overwolf

Go to:

Details

  • Created by: Terradin
  • Published on: Mar 10, 2018
  • Modified on: Mar 10, 2018
  • Patch: 4.0.0
Show
View Real Time Build Order
Export as new Build Order

Comments (0)

There are no comments. Be the first!

Create an account to comment!